 Dungeon Crawl Stone Soup version 0.28.0 (webtiles) character file.

Game seed: 16717858362027659151

581 coolio the Digger (level 7, -2/59 HPs)
             Began as an Ogre Earth Elementalist on Feb 15, 2022.
             Slain by an orc priest (9 damage)
             ... on level 3 of the Dungeon.
             The game lasted 00:06:15 (4800 turns).

coolio the Digger (Ogre Earth Elementalist)         Turns: 4800, Time: 00:06:16

Health: -2/59      AC:  3    Str: 13    XL:     7   Next: 36%
Magic:  0/12       EV: 10    Int: 18    God:
Gold:   114        SH:  0    Dex: 11    Spells: 12/13 levels left

rFire   + . .      SeeInvis .   g - +0 flail
rCold   . . .      Faith    .   (no shield)
rNeg    . . .      Spirit   .   b - +0 robe
rPois   +          Reflect  .   (helmet restricted)
rElec   .          Harm     .   (no cloak)
rCorr   .          Rampage  .   (gloves unavailable)
Will    .....      Rnd*Tele +   (boots unavailable)
Stlth   +++.......              (no amulet)
HPRegen 0.19/turn               i - ring of poison resistance
MPRegen 0.13/turn               n - ring of protection from fire

@: no status effects
A: large, unfitting armour, tough skin 1, thin skeletal structure 1,
teleportitis 1
a: no special abilities


You were on level 3 of the Dungeon.
You visited 1 branch of the dungeon, and saw 3 of its levels.

You collected 114 gold pieces.

Inventory:

Hand Weapons
 g - a +0 flail (weapon)
Missiles
 c - 63 stones
 k - 6 poisoned darts
Armour
 b - a +0 robe (worn)
Jewellery
 i - a ring of poison resistance (left hand)
 m - a ring of fire
 n - a ring of protection from fire (right hand)
Scrolls
 a - a scroll of vulnerability {unknown}
 d - 2 scrolls of identify {unknown}
 e - a scroll of immolation {unknown}
 f - a scroll of amnesia {unknown}
 h - a scroll of torment {unknown}
 j - a scroll of brand weapon {unknown}
 l - a scroll of fear {unknown}
Potions
 o - a potion of brilliance {unknown}


   Skills:
 * Level 3.2 Maces & Flails
 - Level 1.7 Dodging
 - Level 1.4 Stealth
 + Level 3.8 Spellcasting
 * Level 3.7 Transmutations
 * Level 4.7 Earth Magic


You had 12 spell levels left.
You knew the following spells:

 Your Spells              Type           Power      Damage    Failure   Level
a - Sandblast             Erth           40%        2d10      2%          1

Your spell library contained the following spells:

 Spells                   Type           Power      Damage    Failure   Level
 Passwall                 Tmut/Erth      15%        N/A       4%          2
 Stone Arrow              Conj/Erth      24%        3d8       17%         3
 Petrify                  Tmut/Erth      18%        N/A       26%         4


Dungeon Overview and Level Annotations

Branches:
Dungeon (3/15)

Altars:

Annotations:
D:3 1 runed translucent door, Crazy Yiuf


Innate Abilities, Weirdness & Mutations

You are too large for most types of armour.
You have tough skin. (AC +1)
You have a somewhat thin skeletal structure. (Dex +2, Stealth+)
You are occasionally teleported next to monsters.


Message History

The blast of sand hits the orc priest but does no damage.
The orc priest is severely wounded.
The orc priest hits you with a +0 war axe.
Casting: Sandblast (safe; 2% risk of failure)
Confirm with . or Enter, or press ? or * to list all spells.
Aiming: Sandblast (safe; 2% risk of failure)
Press: ? - help, Shift-Dir - straight line, f/p - orc priest
Aim: an orc priest, wielding a +0 war axe and wearing a +1 scale mail of positive energy (severely wounded, 83% to hit)
The blast of sand hits the orc priest but does no damage.
The orc priest is severely wounded.
The orc priest calls down the wrath of Beogh upon you.
Beogh smites you!
You barely miss the orc priest.
The orc priest is severely wounded.
The orc priest hits you but does no damage.
You closely miss the orc priest.
The orc priest is severely wounded.
The orc priest barely misses you.
You barely miss the orc priest.
The orc priest is severely wounded.
The orc priest calls down the wrath of Beogh upon you.
Beogh smites you!
* * * LOW HITPOINT WARNING * * *
Casting: Sandblast (safe; 2% risk of failure)
Confirm with . or Enter, or press ? or * to list all spells.
Aiming: Sandblast (safe; 2% risk of failure)
Press: ? - help, Shift-Dir - straight line, f/p - orc priest
Aim: an orc priest, wielding a +0 war axe and wearing a +1 scale mail of positive energy (severely wounded, 83% to hit)
The blast of sand hits the orc priest but does no damage.
The orc priest is severely wounded.
The orc priest hits you with a +0 war axe!
* * * LOW HITPOINT WARNING * * *
Casting: Sandblast (safe; 2% risk of failure)
Confirm with . or Enter, or press ? or * to list all spells.
Aiming: Sandblast (safe; 2% risk of failure)
Press: ? - help, Shift-Dir - straight line, f/p - orc priest
Aim: an orc priest, wielding a +0 war axe and wearing a +1 scale mail of positive energy (severely wounded, 83% to hit)
The blast of sand misses the orc priest.
The orc priest hits you with a +0 war axe!
You die...

#....)...............
#....................
#....................
#....................
#....................
##...################
#...# #...# #..@#####
#...o...# #######.#
#......oo ######.#g


You could see an orc priest.

Vanquished Creatures
  Grinder (D:2)
  Sigmund (D:3)
  An orc priest (D:2)
  Jessica (D:2)
  Natasha (twice) (D:2)
  An orc wizard (D:3)
  3 adders (D:2)
  2 dart slugs
  5 orcs
  7 ball pythons
  2 endoplasms
  4 giant cockroaches
  9 goblins
  7 hobgoblins
  4 jackals
  2 kobolds
  A quokka (D:3)
  2 bats
  7 rats
62 creatures vanquished.

Notes
Turn   | Place    | Note
-------+----------+-------------------------------------------
     0 | D:1      | coolio the Ogre Earth Elementalist began the quest for the
                  | Orb.
     0 | D:1      | Reached XP level 1. HP: 16/16 MP: 3/3
     4 | D:1      | Reached skill level 1 in Transmutations
   231 | D:1      | Reached XP level 2. HP: 17/24 MP: 5/5
   758 | D:1      | Reached skill level 3 in Earth Magic
  1043 | D:2      | Reached XP level 3. HP: 31/31 MP: 4/7
  1078 | D:2      | Noticed Jessica
  1090 | D:2      | Killed Jessica
  1091 | D:2      | Reached skill level 1 in Maces & Flails
  1091 | D:2      | Reached XP level 4. HP: 14/39 MP: 2/8
  1857 | D:2      | Found a faded altar of an unknown god.
  2337 | D:2      | Noticed Natasha
  2342 | D:2      | Killed Natasha
  2564 | D:2      | Noticed Natasha
  2570 | D:2      | Killed Natasha
  2571 | D:2      | Reached XP level 5. HP: 45/45 MP: 5/9
  3513 | D:3      | Reached skill level 4 in Earth Magic
  3632 | D:3      | Noticed Grinder
  3685 | D:3      | Paralysed by Grinder for 6 turns
  3693 | D:3      | HP: 2/45 [Grinder (4)]
  3695 | D:3      | Gained mutation: You are occasionally teleported next to
                  | monsters. [potion of mutation]
  3695 | D:3      | Gained mutation: You have a somewhat thin skeletal
                  | structure. (Dex +2, Stealth+) [potion of mutation]
  3698 | D:3      | HP: 2/45 [Grinder (1)]
  4024 | D:2      | Killed Grinder
  4025 | D:2      | Reached XP level 6. HP: 20/53 MP: 0/11
  4303 | D:3      | Noticed Sigmund
  4316 | D:3      | Killed Sigmund
  4317 | D:3      | Reached XP level 7. HP: 42/59 MP: 6/12
  4551 | D:3      | Found a runed translucent door.
  4552 | D:3      | Noticed Crazy Yiuf
  4800 | D:3      | Slain by an orc priest

Illustrated notes

Levels and vault maps discovered:
D:1:      dpeg_arrival_prison, layout_loops_ring
D:2:      layout_basic, shapermc_ecumenical_altar_notcrosses, uniq_natasha,
          uniq_jessica
D:3:      minmay_spotlight, layout_basic, uniq_crazy_yiuf_cottage, uniq_grinder,
          uniq_sigmund

Skill      XL: |  1  2  3  4  5  6 |
---------------+-------------------+-----
Transmutations | 1 2 3 |  3.7
Earth Magic    | 3 4 |  4.7
Maces & Flails | 1 2 3 |  3.2
Spellcasting   | 3 |  3.8
Dodging        | |  1.7
Stealth        | |  1.4

Action                   |  1- 3 |  4- 6 |  7- 9 || total
-------------------------+-------+-------+-------++-------
Melee: Dagger            |    12 |       |       ||    12
       Flail             |     7 |    52 |    15 ||    74
       Punch             |     1 |       |       ||     1
 Cast: Sandblast         |    19 |    72 |    14 ||   105
  Use: Potion            |       |     2 |       ||     2
 Stab: Sleeping          |       |     1 |     1 ||     2
       Distracted        |       |     1 |       ||     1
Armor: Robe              |     7 |    26 |     5 ||    38
Dodge: Dodged            |     9 |    40 |    10 ||    59
